 Dungeon Crawl Stone Soup version 0.23-a0-329-g6f3f904 (webtiles) character file.

89 galech the Skirmisher (level 4, -7/35 HPs)
             Began as a Demonspawn Fighter on Oct 16, 2018.
             Killed by nerve-wracking pain
             ... invoked by Grinder
              (10 damage)
             ... on level 3 of the Dungeon.
             The game lasted 00:02:32 (1599 turns).

galech the Skirmisher (Demonspawn Fighter)          Turns: 1599, Time: 00:02:32

Health: -7/35      AC:  8    Str: 16    XL:     4   Next: 31%
Magic:  4/4        EV: 10    Int: 10    God:
Gold:   86         SH:  9    Dex: 13    Spells: 3/3 levels left

rFire    . . .     SeeInvis .   a - +0 war axe
rCold    + . .     Gourm    .   c - +0 shield
rNeg     . . .     Faith    .   b - +0 scale mail
rPois    .         Spirit   .   (helmet restricted)
rElec    .         Reflect  .   n - +0 cloak
rCorr    .         Harm     .   (no gloves)
MR       .....                  (no boots)
Stlth    ..........             (no amulet)
HPRegen  0.11/turn              g - +3 ring of evasion
MPRegen  0.09/turn              (no ring)

@: no status effects
A: antennae 1, cold resistance 1, freezing cloud immunity
a: no special abilities


You were on level 3 of the Dungeon.
You were hungry.

You visited 1 branch of the dungeon, and saw 3 of its levels.

You collected 86 gold pieces.

Inventory:

Hand Weapons
 a - a +0 war axe (weapon)
Armour
 b - a +0 scale mail (worn)
 c - a +0 shield (worn)
 n - a +0 cloak (worn)
Jewellery
 g - a +3 ring of evasion (left hand)
Scrolls
 e - a scroll of identify {unknown}
 i - 3 scrolls of magic mapping {unknown}
 k - a scroll of remove curse {unknown}
 o - a scroll of blinking {unknown}
 p - a scroll of noise {unknown}
Potions
 d - 2 potions of might
 h - 3 potions of curing {unknown}
 j - a potion of ambrosia {unknown}
 m - 2 potions of lignification {unknown}
Comestibles
 f - 12 rations
 l - 4 chunks of flesh


   Skills:
 + Level 3.5 Fighting
 + Level 2.6 Axes
 + Level 3.2 Armour
 + Level 0.3 Dodging
 + Level 0.1 Stealth
 + Level 3.3 Shields


You had 3 spell levels left.
You didn't know any spells.
Your spell library was empty.

Dungeon Overview and Level Annotations

Branches:
Dungeon (3/15)

Altars:
Gozag

Annotations:
D:2 1 runed door
D:3 Grinder


Innate Abilities, Weirdness & Mutations

You have a pair of small antennae on your head.
Your flesh is cold resistant. (rC+)
You are immune to freezing clouds.


Message History

You closely miss Grinder. You block Grinder's attack.
You closely miss Grinder. Grinder hits you but does no damage.
You barely miss Grinder.
Grinder says, "There's only one good use for a tongue: cutting it out."
Grinder hits you but does no damage. x2
You hit Grinder but do no damage. You block Grinder's attack.
Grinder blinks!
Grinder blinks!
Grinder gestures at you.
You suddenly lose the ability to move!
Grinder gestures at you. You resist with significant effort.
Grinder blinks!
Grinder gestures at you. Pain shoots through your body!
* * * LOW HITPOINT WARNING * * *
You can move again.
Unknown command.
Grinder gestures at you. Pain shoots through your body!
You die...

###############
#.............####
#.##########......
#.# #..#### #.#
#..# # #.# #..# #
#@# #######..####
#.# ...........##
#.# ....##........
#5##....##.##....)
#.......... #..###
#.......... #..# #
#......... #..# #
#........ ...# .
####...## ###.# #


You could see Grinder.

Vanquished Creatures
  2 adders (D:2)
  3 oozes
  4 dart slugs
  2 leopard geckos (D:2)
  An orc (D:3)
  5 giant cockroaches
  2 goblins (D:2)
  6 hobgoblins
  10 kobolds
  8 bats
  A frilled lizard (D:1)
  2 rats (D:1)
46 creatures vanquished.

Vanquished Creatures (others)
  A draconian (D:1)
  A vine stalker (D:1)
  2 formicids (D:1)
  A spriggan (D:1)
  A vampire (D:1)
  A naga (D:1)
  3 dwarves (D:1)
  3 ogres (D:1)
  A centaur (D:1)
  A mummy (D:1)
  5 tentacles (D:1)
20 creatures vanquished.

Grand Total: 66 creatures vanquished

Notes
Turn   | Place    | Note
-------+----------+-------------------------------------------
     0 | D:1      | galech the Demonspawn Fighter began the quest for the Orb.
     0 | D:1      | Reached XP level 1. HP: 18/18 MP: 1/1
     2 | D:1      | Killed a centaur
     5 | D:1      | Noticed an ogre
     5 | D:1      | Noticed a naga
     5 | D:1      | Noticed a formicid
     5 | D:1      | Noticed a draconian
     5 | D:1      | Noticed an ogre
     5 | D:1      | Noticed a dwarf
     5 | D:1      | Noticed a kraken
     5 | D:1      | Noticed a dwarf
     5 | D:1      | Noticed an ogre
     5 | D:1      | Noticed a spriggan
     5 | D:1      | Noticed a vampire
     5 | D:1      | Noticed a vine stalker
     5 | D:1      | Noticed a formicid
     5 | D:1      | Noticed a dwarf
    12 | D:1      | Killed a draconian
    12 | D:1      | Killed an ogre
    13 | D:1      | Killed a vampire
    13 | D:1      | Killed a naga
    13 | D:1      | Killed a formicid
    14 | D:1      | Killed a dwarf
    14 | D:1      | Killed an ogre
    15 | D:1      | Killed a vine stalker
    16 | D:1      | Killed a spriggan
    16 | D:1      | Killed an ogre
    17 | D:1      | Killed a formicid
    17 | D:1      | Killed a dwarf
    17 | D:1      | Killed a dwarf
   261 | D:1      | Gained mutation: Your flesh is cold resistant. (rC+)
                  | [demonic ancestry]
   261 | D:1      | Reached XP level 2. HP: 21/24 MP: 2/2
   654 | D:1      | Gained mutation: You are immune to freezing clouds.
                  | [demonic ancestry]
   654 | D:1      | Reached XP level 3. HP: 27/29 MP: 3/3
   852 | D:2      | Found an opulent altar of Gozag.
   984 | D:2      | Gained mutation: You have a pair of small antennae on your
                  | head. [demonic ancestry]
   984 | D:2      | Reached XP level 4. HP: 35/35 MP: 4/4
  1105 | D:2      | Found a runed door.
  1566 | D:3      | Noticed Grinder
  1590 | D:3      | Paralysed by Grinder for 6 turns
  1599 | D:3      | Killed from afar by Grinder

Vault maps used:
D:1:      nicolae_arrival_kraken_aquarium_b
D:2:      marbit_many_paths, uniq_crazy_yiuf_cottage
D:3:      uniq_grinder

Skill      XL: |  1  2 |
---------------+-------+-----
Axes           | 2 |  2.6
Armour         | 3 |  3.2
Shields        | 3 |  3.3
Fighting       | |  3.5
Dodging        | |  0.3
Stealth        | |  0.1

Action                   |  1- 3 |  4- 6 || total
-------------------------+-------+-------++-------
Melee: War axe           |   122 |    40 ||   162
  Eat: Chunk             |     1 |     1 ||     2
Armor: Scale mail        |    63 |    20 ||    83
Dodge: Dodged            |    32 |    19 ||    51
Block: Shield            |    80 |    25 ||   105

Table legend:
 A = Non-vault XP
 B = Vault XP
 C = Vault XP percentage of total XP
 D = Non-vault monster count
 E = Vault monster count
 F = Vault count percentage of total count
                 A         B        C        D         E       F
            +---------+---------+-------+---------+---------+-------
      Total |     126 |       2 |   1.6 |      45 |       1 |   2.2
            +---------+---------+-------+---------+---------+-------
        D:1 |      41 |       0 |   0.0 |      21 |       0 |   0.0
        D:2 |      78 |       2 |   2.5 |      21 |       1 |   4.5
        D:3 |       7 |       0 |   0.0 |       3 |       0 |   0.0
            +---------+---------+-------+---------+---------+-------
